Map: Dusk Towers

Players

Stealth

  • Race: Protoss Protoss
  • League: Diamond

LilDicky - Winner!

  • Race: Terran Terran
  • League: Diamond

VOD

http://www.twitch.tv/tumescentpie

Description

Time

  • Played on: Dec. 8, 2015, 10:47 p.m.
  • Length: 6:36
Show
View Real Time Build Order
Export as new Build Order

Stealth Protoss 

Build Orders: Dark Templar Rush 

Get SALT Encoding   

  12  0:01  Probe (Chrono Boost)  
  13  0:11  Probe (Chrono Boost)  
  14  0:19  Pylon  
  14  0:22  Probe (Chrono Boost)  
  15  0:37  Probe (Chrono Boost), Gateway  
  16  0:47  Probe (Chrono Boost)  
  17  0:52  Assimilator  
  17  0:58  Probe (Chrono Boost)  
  18  1:08  Probe (Chrono Boost)  
  19  1:12  Assimilator  
  19  1:16  Pylon  
  19  1:28  Cybernetics Core, Probe (Chrono Boost)  
  21  1:40  Probe (Chrono Boost)  
  21  1:46  Gateway  
  21  1:50  Probe (Chrono Boost)  
  22  1:54  Pylon  
  22  2:01  Probe (Chrono Boost)  
  23  2:05  Warp Gate (Chrono Boost)  
  23  2:12  Twilight Council  
  23  2:24  Mothership Core, Pylon  
  25  2:48  Dark Shrine  
  25  2:52  Pylon  
  25  3:00  Gateway  
  25  3:04  Gateway  
  25  3:11  Gateway  
  25  3:13  Probe  
  27  3:27  Pylon  
  26  4:01  Dark Templar x3  
  24  4:22  Forge  
  20  4:32  Dark Templar  
  20  4:36  Dark Templar  
  24  4:43  Probe  
  19  4:55  Probe  
  20  5:03  Dark Templar  
  22  5:08  Probe  
  21  5:16  Photon Cannon  
  21  5:20  Probe  
  21  5:32  Probe  
  18  5:44  Probe  
  16  5:54  Dark Templar  
  16  6:10  Probe  
Show
View Real Time Build Order
Export as new Build Order

LilDicky Terran - Winner!

Build Orders: 1/1/1 

Get SALT Encoding   

  12  0:02  SCV  
  13  0:14  SCV  
  13  0:18  Supply Depot  
  14  0:26  SCV  
  15  0:30  Refinery  
  15  0:40  SCV  
  16  0:45  Barracks  
  16  0:52  SCV  
  17  1:04  SCV  
  18  1:12  Supply Depot  
  18  1:16  SCV  
  19  1:32  Marine  
  21  1:36  Factory  
  20  1:40  Orbital Command  
  20  1:42  Refinery  
  20  1:53  Barracks Reactor  
  20  2:13  SCV  
  21  2:20  Widow Mine  
  23  2:23  Starport  
  23  2:28  Marine  
  23  2:29  Marine  
  25  2:30  SCV  
  25  2:33  Supply Depot  
  26  2:42  SCV  
  27  2:46  Marine x2  
  27  2:49  Supply Depot  
  27  2:51  Widow Mine  
  29  2:55  SCV  
  32  3:00  Medivac  
  34  3:07  SCV, Marine  
  34  3:08  Marine  
  37  3:19  SCV  
  38  3:20  Widow Mine  
  38  3:25  Marine  
  38  3:26  Marine  
  42  3:28  Supply Depot  
  42  3:31  SCV  
  43  3:43  Marine  
  43  3:44  Marine  
  45  3:51  Bunker  
  45  3:54  SCV  
  46  4:01  Marine  
  46  4:02  Marine  
  44  4:21  Marine x2  
  46  4:32  Engineering Bay  
  46  4:35  SCV  
  47  4:39  Starport Tech Lab  
  47  4:45  Supply Depot  
  47  4:48  Command Center  
  47  5:02  Missile Turret  
  46  5:07  Widow Mine  
  44  5:15  Orbital Command  
  41  5:31  Marine x2  
  41  5:32  Raven  
  44  5:46  Orbital Command  
  39  5:50  Missile Turret  
  39  5:51  Marine x2  
  39  6:01  Missile Turret  
  39  6:08  Marine  
  39  6:12  Marine  
  39  6:14  SCV  
Tags
 
Add a new tag
Caveats
  • Supply blocks, unpowered buildings, or Contaminate may cause inaccurate times.
  • Supply counts are checked every 10 seconds.